 Dungeon Crawl Stone Soup version 0.31-a0-542-gdc2a67831c (webtiles) character file.

Game seed: 11836428836790908953

141 heikuro the Shield-Bearer (level 5, -3/42 HPs)
             Began as a Formicid Fighter on Aug 15, 2023.
             Slain by Pikel
             ... wielding a +0 whip of flaming
              (5 damage)
             ... on level 4 of the Dungeon.
             The game lasted 00:06:28 (2528 turns).

heikuro the Shield-Bearer (Formicid Fighter)        Turns: 2528, Time: 00:06:29

Health: -3/42      AC:  8    Str: 22    XL:     5   Next: 48%
Magic:  5/5        EV:  9    Int: 14    God:
Gold:   97         SH:  5    Dex: 13    Spells: 4/4 levels left

rFire   . . .        a - +0 war axe
rCold   . . .        c - +0 buckler
rNeg    . . .        b - +0 scale mail
rPois   .            (helmet unavailable)
rElec   .            (no cloak)
rCorr   .            m - +0 pair of gloves
SInv    +            (no boots)
Will    .....        (no amulet) Stlth
                     f - ring of wizardry
HPRegen 0.27/turn    p - +6 ring of intelligence
MPRegen 0.09/turn

%: wizardry (x1)
@: mighty
A: permanent stasis, dig shafts and tunnels, antennae 3, four strong arms
a: Dig, Shaft Self


You were on level 4 of the Dungeon.
You visited 1 branch of the dungeon, and saw 4 of its levels.

You collected 97 gold pieces.

Inventory:

Hand Weapons
 a - a +0 war axe (weapon)
 e - a +1 dagger of electrocution
Armour
 b - a +0 scale mail (worn)
 c - a +0 buckler (worn)
 m - a +0 pair of gloves (worn)
Jewellery
 f - a ring of wizardry (left hand)
 p - a +6 ring of intelligence (right hand)
Scrolls
 h - a scroll of blinking {unknown}
 i - a scroll of silence {unknown}
 j - 3 scrolls of identify
 k - a scroll of revelation {unknown}
 l - a scroll of acquirement {unknown}
 n - 2 scrolls of enchant weapon {unknown}
 q - a scroll of fear {unknown}
 r - 2 scrolls of enchant armour {unknown}
Potions
 g - a potion of enlightenment
 o - 2 potions of brilliance


   Skills:
 + Level 4.0 Fighting
 * Level 3.6 Axes
 + Level 4.0 Armour
 + Level 5.0 Shields


You had 4 spell levels left.
You didn't know any spells.
Your spell library contained the following spells:

 Spells                   Type           Power      Damage    Failure   Level
 Apportation              Tloc           0%         N/A       32%         1
 Magic Dart               Conj           0%         1d3       32%         1
 Necrotise                Necr           0%         1d4       32%         1
 Summon Small Mammal      Summ           0%         N/A       32%         1
 Call Imp                 Summ           0%         N/A       45%         2
 Searing Ray              Conj           0%         2d4       45%         2
 Mephitic Cloud           Conj/Pois/Air  0%         N/A       69%         3
 Fulminant Prism          Conj/Hex       0%         3d5       96%         4


Dungeon Overview and Level Annotations

Branches:
Dungeon (4/15)
 Temple: D:4-7

Altars:
Zin

Shops:
D:2 !

Annotations:
D:4 Pikel


Innate Abilities, Weirdness & Mutations

You cannot be hasted, slowed, berserked, paralysed or teleported.
You can dig through walls and to a lower floor.
You have a pair of large antennae on your head. (SInv)
Your four strong arms can wield two-handed weapons with a shield.


Message History

You completely miss Pikel.
Pikel is heavily wounded.
Pikel hits you with a +0 whip of flaming.
Pikel burns you. Pikel hits you but does no damage.
You closely miss Pikel.
Pikel is heavily wounded.
Pikel hits you with a +0 whip of flaming.
Pikel burns you.
You hit Pikel.
Pikel is severely wounded.
Pikel hits you with a +0 whip of flaming.
Pikel burns you. Pikel hits you but does no damage.
You barely miss Pikel.
Pikel is severely wounded.
Pikel hits you with a +0 whip of flaming.
Pikel burns you.
You barely miss Pikel.
Pikel is severely wounded.
Pikel hits you with a +0 whip of flaming!
* * * LOW HITPOINT WARNING * * *
Pikel burns you.
* * * LOW HITPOINT WARNING * * *
You closely miss Pikel.
Pikel is severely wounded.
Pikel closely misses you.
Pikel hits you with a +0 whip of flaming.
* * * LOW HITPOINT WARNING * * *
Pikel burns you.
* * * LOW HITPOINT WARNING * * *
You feel very mighty all of a sudden. Pikel closely misses you.
Unknown command.
You barely miss Pikel.
Pikel is severely wounded.
Pikel barely misses you.
Unknown command.
You barely miss Pikel.
Pikel is severely wounded.
Pikel hits you with a +0 whip of flaming.
You die...

{ .#########
..5555K@.#
########.# #.#
##########.#
#####........#.#
#.........##.#.#
#.###.###.#<.#.#
#.#<#.# #.#..#.#
#.#.#.# #.#..#.#


You could see Pikel and 4 lemures.

Vanquished Creatures
  7 adders
  3 worms
  2 dart slugs (D:3)
  3 bats
  7 endoplasms
  7 giant cockroaches
  6 goblins
  5 hobgoblins
  2 jackals (D:3)
  2 quokkas
  3 ball pythons
  7 frilled lizards
  7 kobolds
  3 rats
64 creatures vanquished.

Notes
Turn   | Place    | Note
-------+----------+-------------------------------------------
     0 | D:1      | heikuro the Formicid Fighter began the quest for the Orb.
     0 | D:1      | Reached XP level 1. HP: 18/18 MP: 1/1
    25 | D:1      | Reached XP level 2. HP: 23/24 MP: 2/2
   567 | D:1      | Reached XP level 3. HP: 29/29 MP: 3/3
   921 | D:2      | Found Vuutulish's Distillery.
   992 | D:2      | Reached XP level 4. HP: 37/37 MP: 4/4
  1678 | D:3      | Reached XP level 5. HP: 12/42 MP: 5/5
  2149 | D:3      | Found a glowing silver altar of Zin.
  2260 | D:3      | Reached skill level 5 in Shields
  2505 | D:4      | Noticed Pikel
  2505 | D:4      | Noticed a lemure
  2505 | D:4      | Noticed a lemure
  2506 | D:4      | Noticed a lemure
  2506 | D:4      | Noticed a lemure
  2525 | D:4      | HP: 2/42 [Pikel/+0 whip of flaming (1)]
  2528 | D:4      | Slain by Pikel

Illustrated notes

Levels and vault maps discovered:
D:1:      psy_arrival_spokes, layout_basic, kennysheep_boxes
D:2:      layout_basic, serial_shops, shop, serial_park_tiny_pond
D:3:      layout_loops_ring, zin_statuary, minmay_surrounded
D:4:      layout_basic, uniq_pikel

Skill      XL: |  1  2  3  4  5 |
---------------+----------------+-----
Axes           | 3 |  3.6
Armour         | 4 |  4.0
Fighting       | 4 |  4.0
Shields        | 5 |  5.0

Action                     |  1- 3 |  4- 6 || total
---------------------------+-------+-------++-------
  Melee: War axe           |    63 |   123 ||   186
         Dagger            |    27 |       ||    27
Ability: Dig               |       |     2 ||     2
    Use: Scroll            |       |     2 ||     2
         Potion            |       |     1 ||     1
 Armour: Scale mail        |    34 |    60 ||    94
  Dodge: Dodged            |    32 |    57 ||    89
  Block: Buckler           |    19 |    33 ||    52

Table legend: (Time is in decaauts)
 A = Elapsed time spent in this place.
 B = Non-inter-level travel time spent in this place.
 C = Inter-level travel time spent in this place.
 D = Time resting spent in this place.
 E = Time spent auto-exploring this place.
 F = Levels seen in this place.
 G = Mean time per level.
                   A        B        C        D        E       F      G
               +--------+--------+--------+--------+--------+-----+--------+
         Total |   2596 |   2537 |     59 |    189 |   1770 |   4 |  649.0 |
       Dungeon |   2596 |   2537 |     59 |    189 |   1770 |   4 |  649.0 |
               +--------+--------+--------+--------+--------+-----+--------+

Top non-repeatable levels by time:
     D:3: 855 daAuts
     D:1: 837 daAuts
     D:2: 800 daAuts
     D:4: 104 daAuts
